 Dungeon Crawl Stone Soup version 0.23.2-1-ga50397a (webtiles) character file.

Game seed: 16434279030696383374

2593 whitewolfNL the Grappler (level 9, -4/84 HPs)
             Began as a Troll Berserker on May 7, 2019.
             Was a High Priest of Trog.
             Killed by divine providence
             ... invoked by an orc priest
              (16 damage)
             ... on level 8 of the Dungeon.
             The game lasted 00:19:16 (4839 turns).

whitewolfNL the Grappler (Troll Berserker)          Turns: 4839, Time: 00:19:17

Health: -4/84      AC:  6    Str: 28    XL:     9   Next: 33%
Magic:  9/9        EV: 11    Int:  3    God:    Trog [*****.]
Gold:   358        SH:  0    Dex: 11    Spells: 8/8 levels left

rFire    . . .     SeeInvis .     - Unarmed
rCold    . . .     Gourm    +   (no shield)
rNeg     . . .     Faith    .   t - +0 robe
rPois    .         Spirit   .   (helmet restricted)
rElec    .         Reflect  .   (no cloak)
rCorr    .         Harm     .   (gloves unavailable)
MR       .....                  (boots unavailable)
Stlth    +.........             p - amulet of regeneration
HPRegen  1.04/turn              (no ring)
MPRegen  0.11/turn              (no ring)

@: confused, berserk cooldown, slowed, very slow
A: large, unfitting armour, claws 3, fast metabolism 3, gourmand, regeneration
1, shaggy fur 1, tough skin 3
a: Berserk, Trog's Hand, Brothers in Arms, Renounce Religion


You were on level 8 of the Dungeon.
You worshipped Trog.
Trog was extremely pleased with you.
You were very full.

You visited 1 branch of the dungeon, and saw 8 of its levels.

You collected 358 gold pieces.

Inventory:

Hand Weapons
 i - a +3 spear
Missiles
 e - 51 poisoned needles
 g - 65 sling bullets
 k - 197 stones (quivered)
 m - 15 tomahawks
 s - 73 arrows
 z - 19 bolts
 A - 7 tomahawks of dispersal
Armour
 t - a +0 robe (worn)
Jewellery
 p - an amulet of regeneration (around neck)
Wands
 n - a wand of polymorph (9)
 x - a wand of paralysis (13)
 F - a wand of enslavement (5)
Scrolls
 c - 3 scrolls of blinking
 d - a scroll of random uselessness {unknown}
 f - 2 scrolls of identify
 h - 2 scrolls of remove curse
 o - a scroll of fear {unknown}
 u - a scroll of enchant armour {unknown}
 y - a scroll of magic mapping {unknown}
 B - a scroll of vulnerability {unknown}
Potions
 a - a potion of ambrosia {unknown}
 j - 2 potions of curing
 l - a potion of brilliance {unknown}
 q - 2 potions of might {unknown}
 v - a potion of invisibility {unknown}
 w - a potion of haste {unknown}
 C - a potion of heal wounds {unknown}
 D - 2 potions of lignification {unknown}
 E - 2 potions of mutation {unknown}
Comestibles
 b - 15 rations
 r - 3 chunks of flesh


   Skills:
 * Level 3.9 Fighting
 * Level 3.7 Throwing
 + Level 4.8 Dodging
 - Level 2.0 Stealth
 * Level 9.4 Unarmed Combat
 * Level 2.3 Evocations


You had 8 spell levels left.
You didn't know any spells.
Your spell library was empty.

Dungeon Overview and Level Annotations

Branches:
Dungeon (8/15)             Temple (0/1) D:6
   Lair: D:8-11

Altars:
Cheibriados
Fedhas
Gozag
Kikubaaqudgha
Qazlal
Sif Muna
Vehumet
Xom
Zin
The Shining One

Shops:
D:5 *}


Innate Abilities, Weirdness & Mutations

You are too large for most types of armour.
You have claws for hands.
Your metabolism is lightning-fast.
You like to eat raw meat.
Your natural rate of healing is unusually fast.
You are covered in fur. (AC +1)
You have extremely tough skin. (AC +3)


Message History

Trog accepts your kill. Something hits you but does no damage.
The crimson imp blinks!
You barely miss the orc priest. Something hits you but does no damage.
The orc priest calls down the wrath of Beogh upon you.
Beogh smites you!
The orc priest calls down the wrath of Beogh upon you.
Something hits you but does no damage.
You completely miss the orc priest.
The crimson imp blinks!
The orc priest mumbles some strange prayers to Beogh against you.
Beogh smites you!
* * * LOW HITPOINT WARNING * * *
The orc priest hits you from afar with a +0 trident.
* * * LOW HITPOINT WARNING * * *
You hear some strange, mumbled words.
You are confused.
You're too confused!
You're too confused to move!
The orc priest invokes the aid of Beogh against you.
Beogh smites you!
You die...

##.######..#####
##.######..#
≈⌠.≈...
#.........>#
≈a.≈..≈
#.##########
..≈..≈≈ ##.#
..≈..≈. #.)#
...≈5o.##[##
.....oo#..#
.§...oo†@##
......oo.#
##########


You could see a worker ant, 2 orc priests, a crimson imp and 5 orcs.

Vanquished Creatures
  A hippogriff (D:8)
  3 black bears
  7 ogres
  2 centaurs
  4 bullfrogs
  A scorpion (D:5)
  2 howler monkeys
  2 crimson imps
  2 hounds (D:6)
  2 orc priests (D:8)
  A jelly (D:6)
  A centaur skeleton (D:5)
  7 orc wizards
  3 iguanas
  Terence (D:2)
  3 worker ants
  A hound skeleton (D:6)
  A mummy (D:5)
  8 adders
  11 gnolls
  2 shadow imps (D:6)
  3 oozes
  An adder zombie (D:5)
  An adder skeleton (D:7)
  4 worms
  2 dart slugs
  2 leopard geckos
  40 orcs
  6 giant cockroaches
  7 goblins
  8 hobgoblins
  7 kobolds
  A quokka (D:2)
  6 bats
  3 frilled lizards
  A jackal zombie (D:6)
  15 rats
172 creatures vanquished.

Notes
Turn   | Place    | Note
-------+----------+-------------------------------------------
     0 | D:1      | whitewolfNL the Troll Berserker began the quest for the
                  | Orb.
     0 | D:1      | Reached XP level 1. HP: 22/22 MP: 0/0
   225 | D:1      | Reached XP level 2. HP: 29/29 MP: 1/1
   966 | D:2      | Reached XP level 3. HP: 36/36 MP: 2/2
   984 | D:2      | Reached ** piety under Trog
  1126 | D:2      | Noticed Terence
  1134 | D:2      | Killed Terence
  1134 | D:2      | Reached skill level 4 in Unarmed Combat
  1134 | D:2      | Reached XP level 4. HP: 44/44 MP: 3/3
  1144 | D:2      | Found a radiant altar of Vehumet.
  1145 | D:2      | Found a blossoming altar of Fedhas.
  1338 | D:2      | Reached skill level 1 in Throwing
  1375 | D:2      | Found a deep blue altar of Sif Muna.
  1646 | D:2      | Reached XP level 5. HP: 44/50 MP: 4/4
  1934 | D:3      | Found an ancient bone altar of Kikubaaqudgha.
  2023 | D:3      | Found an opulent altar of Gozag.
  2037 | D:3      | Reached *** piety under Trog
  2047 | D:3      | Reached skill level 5 in Unarmed Combat
  2199 | D:3      | Found a shimmering altar of Xom.
  2418 | D:4      | Reached XP level 6. HP: 59/59 MP: 5/5
  2650 | D:4      | Reached skill level 1 in Stealth
  2650 | D:4      | Reached skill level 6 in Unarmed Combat
  2874 | D:5      | Entered Level 5 of the Dungeon
  2883 | D:5      | Reached XP level 7. HP: 67/67 MP: 6/6
  2895 | D:5      | Reached **** piety under Trog
  2895 | D:5      | Reached skill level 1 in Evocations
  2951 | D:5      | Found Gifebbul's Mass Market.
  3064 | D:5      | Found a snail-covered altar of Cheibriados.
  3067 | D:5      | Found Taceugh's Gadget Boutique.
  3088 | D:5      | Reached skill level 7 in Unarmed Combat
  3258 | D:5      | Found a stormy altar of Qazlal.
  3410 | D:5      | Reached XP level 8. HP: 56/75 MP: 8/8
  3487 | D:6      | Found a staircase to the Ecumenical Temple.
  3512 | D:6      | Received a gift from Trog
  3797 | D:6      | Reached skill level 8 in Unarmed Combat
  4340 | D:7      | Reached XP level 9. HP: 84/84 MP: 9/9
  4473 | D:7      | Found a glowing silver altar of Zin.
  4486 | D:7      | Found a glowing golden altar of the Shining One.
  4732 | D:8      | Reached skill level 9 in Unarmed Combat
  4828 | D:8      | Reached ***** piety under Trog
  4839 | D:8      | Killed from afar by an orc priest

Skill      XL: |  1  2  3  4  5  6  7  8  9 |
---------------+----------------------------+-----
Unarmed Combat | 4 5 6 7 8 9 |  9.4
Throwing       | 1 2 3 |  3.7
Dodging        | 3 4 |  4.8
Fighting       | 3 |  3.9
Stealth        | 1 2 |  2.0
Evocations     | 1 2 |  2.3

Action                   |  1- 3 |  4- 6 |  7- 9 || total
-------------------------+-------+-------+-------++-------
Melee: Unarmed           |    72 |   145 |   206 ||   423
       Punch             |     1 |     4 |     4 ||     9
Invok: Berserk           |     2 |     7 |     7 ||    16
  Use: Scroll            |       |       |     4 ||     4
 Stab: Sleeping          |       |     2 |     2 ||     4
  Eat: Chunk             |    17 |    22 |    24 ||    63
Armor: Animal skin       |    34 |    50 |       ||    84
       Robe              |       |     6 |    78 ||    84
Dodge: Dodged            |    38 |    69 |   158 ||   265
